 Dungeon Crawl Stone Soup version 0.28.0 (webtiles) character file.

Game seed: 13376035911964774930

22719 Ballistic the Carver (level 12, -2/106 HPs)
             Began as a Minotaur Fighter on May 31, 2022.
             Was an Initiate of Gozag.
             Killed from afar by an orc sorcerer (22 damage)
             ... with a bolt of fire
             ... led by an orc knight
             ... on level 1 of the Orcish Mines.
             The game lasted 01:19:54 (10618 turns).

Ballistic the Carver (Minotaur Fighter)            Turns: 10618, Time: 01:19:55

Health: -2/106     AC: 20    Str: 22    XL:     12   Next: 65%
Magic:  4/4        EV: 17    Int: 13    God:    Gozag
Gold:   1474       SH:  5    Dex: 16    Spells: 12/12 levels left

rFire   . . .      SeeInvis .   h - +10 great sword "Bodel" {antimagic, rElec}
rCold   . . .      Faith    .   (shield currently unavailable)
rNeg    . . .      Spirit   .   r - +5 scale mail of Dithmenos's Pride {Rampage *Corrode Str-4 Int+8}
rPois   .          Reflect  +   (helmet restricted)
rElec   +          Harm     .   q - +0 cloak
rCorr   .          Rampage  +   (no gloves)
Will    .....                   O - +2 pair of boots
Stlth   +.........              e - amulet of reflection
HPRegen 0.27/turn               t - +6 ring of dexterity
MPRegen 0.09/turn               M - +4 ring of evasion

@: about to teleport, gold aura
A: horns 2, retaliatory headbutt, iridescent scales 1, no potion heal 1
a: Renounce Religion, Potion Petition, Call Merchant, Bribe Branch


You were on level 1 of the Orcish Mines.
You worshipped Gozag.
Gozag was most pleased with you.
You visited 3 branches of the dungeon, and saw 14 of its levels.
You also visited: Bailey.

You collected 2564 gold pieces.
You spent 434 gold pieces at shops.
You paid 656 gold pieces to Gozag.

Inventory:

Hand Weapons
 a - a +2 spectral long sword
 d - a +4 arbalest
 h - the +10 great sword "Bodel" (weapon) {antimagic, rElec}
   (You bought it in a shop on level 11 of the Dungeon)

   It reduces the magical energy of the wielder, and disrupts the spells and
   magical abilities of those it strikes.
   Natural abilities and divine invocations are not affected.
   rElec:     It insulates you from electricity.
 v - a +0 flail of venom
Missiles
 f - 469 stones
 j - 23 poisoned darts
 E - 3 boomerangs (quivered)
 J - 102 arrows
Armour
 c - a +3 buckler
 q - a +0 cloak (worn)
 r - the +5 scale mail of Dithmenos's Pride (worn) {Rampage *Corrode Str-4 Int+8}
   (You took it off an orc on level 5 of the Dungeon)

   Str:       It affects your strength (-4).
   Int:       It affects your intelligence (+8).
   *Corrode:  It may corrode you when you take damage.
   Rampage:   It bestows one free step when moving towards enemies.
 H - a +0 pair of boots
 O - a +2 pair of boots (worn)
Magical Staves
 o - a staff of cold
Jewellery
 e - an amulet of reflection (around neck)
 t - a +6 ring of dexterity (left hand)
 y - a ring of poison resistance
 A - an amulet of the acrobat
 D - a +6 ring of dexterity
 G - a ring of fire
 M - a +4 ring of evasion (right hand)
 P - a ring of protection from fire
 Q - an amulet of magic regeneration
Wands
 b - a wand of digging (13)
 k - a wand of mindburst (12)
 p - a wand of charming (3)
Scrolls
 i - a scroll of teleportation
 u - 2 scrolls of immolation
 B - a scroll of vulnerability
 S - a scroll of torment
Potions
 l - 2 potions of lignification
 m - a potion of cancellation {unknown}
 n - 4 potions of haste
 s - 2 potions of brilliance
 w - a potion of flight {unknown}
 x - 4 potions of curing
 z - a potion of degeneration
 C - a potion of attraction
 F - 2 potions of magic
 I - 2 potions of might
 K - 2 potions of invisibility


   Skills:
 + Level 10.1 Fighting
 + Level 1.4(8.5) Short Blades
 + Level 14.2 Long Blades
 + Level 1.5(2.2) Axes
 + Level 1.5(2.2) Maces & Flails
 + Level 1.5(2.2) Polearms
 + Level 1.5(2.2) Staves
 + Level 1.4(2.1) Slings
 + Level 1.4 Bows
 + Level 1.7 Crossbows
 + Level 2.0(2.2) Throwing
 + Level 10.7 Armour
 + Level 6.1 Dodging
 + Level 4.1 Stealth
 + Level 10.9 Shields
 + Level 1.4 Unarmed Combat
 + Level 0.7 Spellcasting
 + Level 0.9 Conjurations
 + Level 0.7 Hexes
 + Level 0.9 Summonings
 + Level 0.9 Necromancy
 + Level 0.9 Translocations
 + Level 1.0 Transmutations
 + Level 0.9 Fire Magic
 + Level 0.9 Ice Magic
 + Level 0.9 Air Magic
 + Level 1.0 Earth Magic
 + Level 0.9 Poison Magic
 + Level 1.2 Invocations
 + Level 1.1 Evocations


You had 12 spell levels left.
You didn't know any spells.
Your spell library contained the following spells:

 Spells                   Type           Power      Damage    Failure   Level
 Summon Small Mammal      Summ           8%         N/A       38%         1
 Slow                     Hex            8%         N/A       41%         1
 Scorch                   Fire           4%         2d5       54%         2
 Call Canine Familiar     Summ           2%         N/A       77%         3
 Vampiric Draining        Necr           2%         2d6       77%         3
 Summon Guardian Golem    Hex/Summ       2%         N/A       78%         3
 Confusing Touch          Hex            2%         N/A       80%         3
 Flame Wave               Conj/Fire      2%         2d4       99%         4
 Conjure Ball Lightning   Conj/Air       1%         3x3d6     100%        6
 Summon Cactus Giant      Summ           1%         N/A       100%        6
 Discord                  Hex            1%         N/A       100%        8
 Disjunction              Tloc           1%         N/A       100%        8


Dungeon Overview and Level Annotations

Branches:
Dungeon (12/15)            Temple (0/1) D:7            Lair (1/6) D:10
    Orc (1/2) D:11         Bailey (visited)

Altars:
Dithmenos
Elyvilon
Fedhas
Gozag
Hepliaklqana
Nemelex Xobeh
Qazlal
Ru
Uskayaw
Yredelemnul
Zin
The Shining One
Beogh

Shops:
D:2 [   D:6 (   D:9 *   D:11 *


Innate Abilities, Weirdness & Mutations

You have a pair of horns on your head.
You reflexively headbutt those who attack you in melee.
You are partially covered in iridescent scales. (AC +2)
Potions are less effective at restoring your health.


Message History

The orc sorcerer shouts!
You chop the orc knight into pieces!!!
You headbutt the orc knight, but do no damage.
The orc knight is heavily wounded.
The orc knight hits you but does no damage.
The orc warrior hits you from afar with a +0 trident!
You completely miss the orc knight.
The orc knight is heavily wounded.
The orc knight hits you with a +0 dire flail!
You block the orc warrior's attack.
You slice the orc knight!! Your headbutt misses the orc knight.
The orc knight is almost dead.
The orc sorcerer is no longer distracted by gold.
The orc priest is no longer distracted by gold.
The orc knight hits you with a +0 dire flail!
* * * LOW HITPOINT WARNING * * *
The orc priest invokes the aid of Beogh against you.
You resist with significant effort.
The orc warrior hits you from afar with a +0 trident!
* * * LOW HITPOINT WARNING * * *
The orc sorcerer casts a spell at you.
The bolt of negative energy hits the orc priest!!
The orc priest is drained!
The orc priest dies!
The bolt of negative energy misses you.
The orc is distracted by your dazzling golden aura.
You hear a shout!
The orc shouts!
Okay, then.
Really read the scroll of immolation?
Okay, then.
As you read the scroll of teleportation, it crumbles to dust.
You feel strangely unstable.
The orc is no longer distracted by gold.
The orc knight is distracted by your dazzling golden aura.
You block the orc warrior's attack.
The orc knight shouts!
The orc sorcerer points at you and mumbles some strange words.
The bolt of fire hits you!!
You die...
Your body crumbles into a pile of gold.

****,>,, *,*,,*,,
***,,,,*,, ####
**,*,,,,*,, ##..#
*,,,**,,,,,
##...###..,**,,,,,
###.$$$..#...****,,*
#..$).$......,***,**
##.@###....##,,,,**
#.#.o........,***,**
###o$........,,**,,*
#.o...##...,**,,,*
###...o..#*..*,,,,,,
#.#......##*#**,,,,,
##..##.....#*,$$**,,
#....#..#.##*,,,,,,,
##.....#### **,*,,,,


You could see an orc knight, an orc sorcerer (strong), an orc warrior (strong)
and an orc.

Vanquished Creatures
  Gastronok (Lair:1)
  2 hydras
  A boulder beetle (D:11)
  A two-headed ogre (D:11)
  Pikel (D:8)
  The ghost of alyshiafish the Chopper, a novice HOFi (D:5)
  3 cane toads (Lair:1)
  A kobold demonologist (D:10)
  4 komodo dragons
  A troll (Orc:1)
  4 wyverns
  17 yaks
  2 vampires
  Sigmund (D:3)
  A wraith (D:11)
  A basilisk (D:10)
  A steam dragon (D:7)
  2 vampire mosquitoes (D:11)
  6 water moccasins
  7 black bears
  8 orc warriors
  Duvessa (D:7)
  2 necrophages
  3 sky beasts
  3 ogres
  5 wolves
  4 centaurs
  2 kobold brigands
  2 bullfrogs
  4 scorpions
  Dowan (D:7)
  A water moccasin skeleton (D:4)
  12 killer bees (D:8)
  4 howler monkeys
  8 wights (D:8)
  2 electric eels (D:6)
  A bullfrog zombie (D:5)
  5 centaur zombies
  A hound (D:7)
  7 orc priests
  A bullfrog skeleton (D:6)
  6 iguanas
  10 orc wizards
  Natasha (D:3)
  A killer bee zombie (D:8)
  A hound zombie (D:5)
  A hound skeleton (D:4)
  5 adders
  12 gnolls
  A white imp (D:6)
  2 ufetubi
  A worm (D:3)
  3 dart slugs
  49 orcs
  5 ball pythons
  7 bats
  4 endoplasms
  5 giant cockroaches
  4 goblins
  7 hobgoblins
  12 jackals (D:1)
  A quokka (D:1)
  4 frilled lizards
  11 kobolds
  3 rats
291 creatures vanquished.

Vanquished Creatures (others)
  An orc priest (Orc:1)
  10 fungi
  13 plants
24 creatures vanquished.

Grand Total: 315 creatures vanquished

Notes
Turn   | Place    | Note
-------+----------+-------------------------------------------
     0 | D:1      | Ballistic the Minotaur Fighter began the quest for the Orb.
     0 | D:1      | Reached XP level 1. HP: 19/19 MP: 0/0
   183 | D:1      | Reached XP level 2. HP: 27/27 MP: 1/1
   275 | D:1      | Reached XP level 3. HP: 23/33 MP: 2/2
   508 | D:2      | Reached skill level 3 in Long Blades
   571 | D:2      | Reached XP level 4. HP: 40/40 MP: 3/3
   626 | D:2      | Found Estren's Antique Armour Emporium.
  1119 | D:3      | Found a stormy altar of Qazlal.
  1366 | D:3      | Noticed Sigmund
  1367 | D:3      | Noticed Natasha
  1372 | D:3      | Killed Natasha
  1381 | D:3      | Killed Sigmund
  1382 | D:3      | Reached skill level 5 in Fighting
  1382 | D:3      | Reached skill level 4 in Long Blades
  1382 | D:3      | Reached skill level 1 in Dodging
  1382 | D:3      | Reached XP level 5. HP: 33/48 MP: 4/4
  1382 | D:3      | Reached XP level 6. HP: 38/56 MP: 5/5
  1424 | D:3      | Found a shadowy altar of Dithmenos.
  1500 | D:3      | Found a faded altar of an unknown god.
  1500 | D:3      | Found a faded altar of an unknown god.
  1500 | D:3      | Found a faded altar of an unknown god.
  1502 | D:3      | Found a hazy altar of Hepliaklqana.
  1515 | D:3      | Prayed at the altar of an unknown god.
  1515 | D:3      | Became a worshipper of Gozag Ym Sagoz the Greedy
  1581 | D:4      | Found a blossoming altar of Fedhas.
  1719 | D:4      | Reached skill level 5 in Armour
  1873 | D:4      | Gained mutation: Potions are less effective at restoring
                  | your health. [potion of mutation]
  1873 | D:4      | Gained mutation: You are partially covered in iridescent
                  | scales. (AC +2) [potion of mutation]
  1884 | D:4      | Reached skill level 5 in Long Blades
  1884 | D:4      | Reached skill level 5 in Shields
  2443 | D:5      | Entered Level 5 of the Dungeon
  2549 | D:5      | Noticed a sky beast
  2555 | D:5      | Killed a sky beast
  2556 | D:5      | Reached XP level 7. HP: 61/61 MP: 6/6
  2556 | D:5      | Found a runed translucent gate.
  2558 | D:5      | Found a runed translucent gate.
  2558 | D:5      | Found a runed translucent gate.
  2558 | D:5      | Noticed alyshiafish's ghost (novice HOFi)
  2559 | D:5      | Identified the +5 scale mail of Dithmenos's Pride {Rampage
                  | *Corrode Str-4 Int+8}
  2845 | D:5      | Reached skill level 6 in Long Blades
  2845 | D:5      | Reached skill level 1 in Stealth
  3286 | D:5      | Killed alyshiafish's ghost
  3287 | D:5      | Reached skill level 7 in Long Blades
  3287 | D:5      | Reached XP level 8. HP: 70/70 MP: 7/7
  3398 | D:6      | Found Molic's Weapon Emporium.
  3756 | D:6      | Found a large runed translucent door.
  3881 | D:6      | Found a large runed translucent door.
  3898 | D:6      | Found a white marble altar of Elyvilon.
  3911 | D:6      | Found a sparkling altar of Nemelex Xobeh.
  3916 | D:6      | Reached skill level 8 in Long Blades
  4015 | D:6      | Found a glowing silver altar of Zin.
  4453 | D:7      | Reached XP level 9. HP: 63/78 MP: 8/8
  4492 | D:7      | Reached skill level 9 in Long Blades
  4557 | D:7      | Found a staircase to the Ecumenical Temple.
  4844 | D:7      | Noticed Duvessa
  4847 | D:7      | Noticed Dowan
  4848 | D:7      | Killed Duvessa
  4850 | D:7      | Killed Dowan
  5176 | D:8      | Noticed Pikel
  5182 | D:8      | Killed Pikel
  5183 | D:8      | Reached skill level 10 in Long Blades
  5429 | D:8      | Reached XP level 10. HP: 81/88 MP: 9/9
  5998 | D:9      | Found a flagged portal.
  6030 | D:9      | Reached skill level 11 in Long Blades
  6174 | D:9      | Found a hide-covered altar of Uskayaw.
  6280 | D:9      | Noticed a seven-headed hydra
  6370 | Bailey   | Entered a bailey
  6734 | D:9      | Found a glowing golden altar of the Shining One.
  6738 | D:9      | Found a basalt altar of Yredelemnul.
  6739 | D:9      | Found a sacrificial altar of Ru.
  6823 | D:9      | Reached skill level 1 in Short Blades
  6823 | D:9      | Reached skill level 1 in Axes
  6823 | D:9      | Reached skill level 1 in Maces & Flails
  6823 | D:9      | Reached skill level 1 in Polearms
  6823 | D:9      | Reached skill level 1 in Staves
  6823 | D:9      | Reached skill level 1 in Slings
  6823 | D:9      | Reached skill level 1 in Bows
  6823 | D:9      | Reached skill level 1 in Crossbows
  6823 | D:9      | Reached skill level 1 in Throwing
  6823 | D:9      | Reached skill level 1 in Unarmed Combat
  6823 | D:9      | Reached skill level 1 in Transmutations
  6823 | D:9      | Reached skill level 1 in Earth Magic
  6823 | D:9      | Reached skill level 1 in Invocations
  6823 | D:9      | Reached skill level 1 in Evocations
  6823 | D:9      | Reached XP level 11. HP: 90/90 MP: 9/11
  7210 | D:9      | Found Lyuloyr's Assorted Antiques.
  7254 | D:9      | Bought a shiny brass ring for 115 gold pieces
  7402 | D:9      | Killed a 17-headed hydra
  7480 | D:10     | Entered Level 10 of the Dungeon
  7596 | D:10     | Reached skill level 12 in Long Blades
  7668 | D:10     | Found a staircase to the Lair.
  8073 | Lair:1   | Entered Level 1 of the Lair of Beasts
  8191 | Lair:1   | Reached skill level 5 in Dodging
  8201 | Lair:1   | Reached skill level 13 in Long Blades
  8280 | Lair:1   | Reached skill level 10 in Armour
  8298 | Lair:1   | Noticed an eight-headed hydra
  8308 | Lair:1   | Killed a 19-headed hydra
  8309 | Lair:1   | Reached XP level 12. HP: 91/104 MP: 12/12
  8670 | Lair:1   | Reached skill level 10 in Shields
  8729 | Lair:1   | Noticed Gastronok
  8740 | Lair:1   | Killed Gastronok
  8834 | Lair:1   | Noticed a five-headed hydra
  8857 | Lair:1   | HP: 2/106 [18-headed hydra (7)]
  9386 | D:11     | Bought a masterwork great sword for 253 gold pieces
  9386 | D:11     | Identified the +10 great sword "Bodel" {antimagic, rElec}
                  | (You bought it in a shop on level 11 of the Dungeon)
  9386 | D:11     | Bought a scroll of teleportation for 66 gold pieces
  9449 | D:11     | Noticed a boulder beetle
  9473 | D:11     | Killed a boulder beetle
  9888 | D:11     | Noticed a two-headed ogre
  9895 | D:11     | Killed a two-headed ogre
  9957 | D:11     | Found a staircase to the Orcish Mines.
  9962 | D:11     | Reached skill level 10 in Fighting
  9982 | D:11     | Reached skill level 14 in Long Blades
 10490 | Orc:1    | Entered Level 1 of the Orcish Mines
 10618 | Orc:1    | Killed from afar by an orc sorcerer

Illustrated notes

Levels and vault maps discovered:
D:1:      wander_arrival_fairy_ring, layout_basic, minmay_misc_feat_ornament
D:2:      layout_rooms, serial_shops, shop, hangedman_glass_teeth,
          minmay_misc_feat_alley, uniq_crazy_yiuf_cottage
D:3:      layout_rooms, nicolae_hepliaklqana_ecumenical_no_more,
          nicolae_qazlal_scattered_showers, grunt_dithmenos_smoke_and_mirrors,
          grunt_ministairs_14, serial_bayou_pond_d, hex_medium, uniq_natasha,
          uniq_sigmund
D:4:      layout_layer_cave, mainiacjoe_overflow_tiny_flanked, hex_tiny
D:5:      layout_loops_ring, biasface_ghost_orc_armoury,
          nicolae_figureground_pulse
D:6:      layout_loops_corners, mainiacjoe_overflow_paths,
          jmf_multi_god_temple2, serial_shops,
          nicolae_shop_bloodbath_and_beyond, glass_columns_a,
          serial_bayou_lagoon_b
D:7:      nicolae_cairo_tiling_large_dashed, layout_layer_cave,
          temple_fountains, uniq_duvessa
D:8:      layout_basic, lightli_orcish_oven, uniq_pikel
D:9:      layout_irregular_city, minitemple,
          nicolae_uskayaw_murder_on_the_dancefloor, serial_shops,
          nicolae_shop_window_shopping, enter_bailey_2
D:10:     layout_loops_ring, minmay_lair_entry_grove
D:11:     layout_loops_ring, orc_0_dummy
D:12:     layout_layer_cave, grunt_tough_drop, uniq_snorg
Lair:1:   gammafunk_boulding_lane, layout_cave_pods, beast_lair_carwin_9,
          uniq_gastronok
Orc:1:    layout_diamond_mine, basic_altar, bloody_makhleb

Skill      XL: |  1  2  3  4  5  6  7  8  9 10 11 12 |
---------------+-------------------------------------+-----
Shields        | 4 5 6 7 8 9 10 | 10.9
Fighting       | 4 5 6 7 8 9 10 | 10.1
Armour         | 4 5 7 8 9 10 | 10.7
Long Blades    | 3 4 5 7 8 10 11 13 14 | 14.2
Dodging        | 1 2 3 4 5 6 |  6.1
Stealth        | 1 2 3 4 |  4.1
Short Blades   | 1 |  1.4
Axes           | 1 |  1.5
Maces & Flails | 1 |  1.5
Polearms       | 1 |  1.5
Staves         | 1 |  1.5
Slings         | 1 |  1.4
Bows           | 1 |  1.4
Crossbows      | 1 |  1.7
Throwing       | 1 2 |  2.0
Unarmed Combat | 1 |  1.4
Transmutations | 1 |  1.0
Earth Magic    | 1 |  1.0
Invocations    | 1 |  1.2
Evocations     | 1 |  1.1
Spellcasting   | |  0.7
Conjurations   | |  0.9
Hexes          | |  0.7
Summonings     | |  0.9
Necromancy     | |  0.9
Translocations | |  0.9
Fire Magic     | |  0.9
Ice Magic      | |  0.9
Air Magic      | |  0.9
Poison Magic   | |  0.9

Action                   |  1- 3 |  4- 6 |  7- 9 | 10-12 || total
-------------------------+-------+-------+-------+-------++-------
Melee: Long sword        |    64 |    78 |   162 |   379 ||   683
       Headbutt          |    11 |    10 |    30 |   107 ||   158
       Great sword       |       |       |       |    30 ||    30
Throw: Boomerang         |       |       |       |     5 ||     5
       Dart              |       |       |       |     3 ||     3
       Stone             |       |       |       |     3 ||     3
Invok: Call Merchant     |       |       |       |     1 ||     1
  Use: Scroll            |     2 |     7 |     7 |    20 ||    36
       Potion            |       |     1 |     3 |    17 ||    21
 Stab: Distracted        |       |     1 |     2 |     9 ||    12
       Sleeping          |       |       |       |     5 ||     5
Armor: Scale mail        |    29 |    22 |    47 |   121 ||   219
       Skin              |       |       |     4 |       ||     4
Dodge: Dodged            |    34 |    26 |    39 |   196 ||   295
Block: Buckler           |    15 |    33 |    93 |   212 ||   353
       Reflection        |       |     1 |       |     9 ||    10
       Other             |       |       |       |     7 ||     7
